[Event "Asian Amateur-ch Open 2022"]
[Site "Muscat"]
[Date "2022.10.03"]
[Round "6.24"]
[White "Abdivaliev, Daniial"]
[Black "Ferzli, Dany Michael"]
[Result "1/2-1/2"]
[ECO "B10"]
[WhiteElo "1528"]
[BlackElo "1789"]
[Annotator "NA RC COMBH"]
[PlyCount "95"]
[EventDate "2022.09.29"]
[EventType "swiss"]
[SourceTitle "playchess.com"]
[Source "ChessBase"]
[SourceQuality "1"]
[TimeControl "5400+30"]

1. e4 c6 2. d3 d5 3. Nd2 dxe4 4. dxe4 e5 5. Bc4 Nf6 6. h3 Bc5 7. Qe2 O-O 8. a4 a5 9. Ngf3 Re8 10. g4 Nbd7 11. Nf1 Nf8 12. Ng3 Qc7 13. g5 N6d7 14. c3 Nb6 15. Bb3 Be6 16. Qc2 Rad8 17. Bd2 Nc8 18. Bxe6 Nxe6 19. O-O Ne7 20. Rad1 Ng6 21. Nh5 Qc8 22. Kh2 Rd6 23. Be3 Rxd1 24. Rxd1 Bxe3 25. fxe3 Rd8 26. Ng3 Rxd1 27. Qxd1 Qd8 28. Qxd8+ Nxd8 29. Nf5 Ne6 30. Nd6 Nc5 31. h4 f6 32. b4 axb4 33. cxb4 Nxa4 34. Nxb7 Nc3 35. Nd6 Nd1 36. Nf5 Kf7 37. h5 Ne7 38. Nd6+ Kf8 39. h6 Nxe3 40. hxg7+ Kxg7 41. Ne8+ Kg6 42. gxf6 Ng4+ 43. Kg3 Nxf6 44. Nxe5+ Kg5 45. Nf3+ Kg6 46. Nd6 Nxe4+ 47. Nxe4 Nd5 48. Kh3 1/2-1/2

[Event "Asian Amateur-ch Open 2022"]
[Site "Muscat"]
[Date "2022.10.03"]
[Round "6.25"]
[White "Al Abdali, Zeyad Saleh"]
[Black "Al Mamari, Ali Abdullah"]
[Result "1-0"]
[ECO "D93"]
[WhiteElo "1780"]
[BlackElo "1509"]
[Annotator "NA RC COMBH"]
[PlyCount "85"]
[EventDate "2022.09.29"]
[EventType "swiss"]
[SourceTitle "playchess.com"]
[Source "ChessBase"]
[SourceQuality "1"]
[TimeControl "5400+30"]

1. d4 Nf6 2. c4 g6 3. Nc3 d5 4. Nf3 Bg7 5. Bf4 O-O 6. Rc1 c6 7. e3 Nh5 8. Be5 f6 9. Bxb8 Rxb8 10. cxd5 cxd5 11. Nxd5 Kh8 12. Nc3 e5 13. h3 e4 14. Nxe4 Qe7 15. Nc5 Ng3 16. fxg3 Qxe3+ 17. Be2 b6 18. Rc3 Qe7 19. Nd3 Re8 20. Qd2 Bh6 21. Nf4 Bxf4 22. gxf4 Ba6 23. Ng1 Rbd8 24. Kf2 Bb7 25. Re3 Qxe3+ 26. Qxe3 Rxe3 27. Kxe3 Bxg2 28. Rh2 Bd5 29. a3 Kg7 30. Bf3 Re8+ 31. Kf2 Bb3 32. Ne2 Bd1 33. Nc3 Bxf3 34. Kxf3 f5 35. Re2 Ra8 36. d5 Kf7 37. Ke3 a6 38. Kd4 h6 39. d6 g5 40. fxg5 hxg5 41. Re7+ Kf6 42. Nd5+ Kg6 43. d7 1-0

[Event "Asian Amateur-ch Open 2022"]
[Site "Muscat"]
[Date "2022.10.03"]
[Round "6.26"]
[White "Shaurya Dinesh Sawlani"]
[Black "Said Ahmed Ali Jidal Fadhil"]
[Result "1-0"]
[ECO "B00"]
[WhiteElo "1448"]
[BlackElo "1755"]
[Annotator "NA RC COMBH"]
[PlyCount "79"]
[EventDate "2022.09.29"]
[EventType "swiss"]
[SourceTitle "playchess.com"]
[Source "ChessBase"]
[SourceQuality "1"]
[TimeControl "5400+30"]

1. e4 b6 2. d4 Bb7 3. Bd3 e6 4. Nf3 Nf6 5. Nbd2 c5 6. c3 d5 7. e5 Nfd7 8. O-O Ba6 9. Bxa6 Nxa6 10. Qe2 Nab8 11. c4 cxd4 12. cxd5 Bc5 13. dxe6 fxe6 14. Qe4 Na6 15. Nxd4 Bxd4 16. Qxd4 O-O 17. Ne4 Nc7 18. Bg5 Qe8 19. Nd6 Qh5 20. Be7 Rfb8 21. Ne4 Nd5 22. Bd6 Re8 23. Nc3 Nxc3 24. Qxc3 Rac8 25. Qd4 Qg5 26. f4 Qg4 27. Rf2 h5 28. Qa4 Nc5 29. Bxc5 bxc5 30. Qxa7 Red8 31. Qa4 Rd4 32. Qb3 Rcd8 33. Raf1 Rd3 34. Qb7 h4 35. f5 exf5 36. e6 Rd1 37. Qf7+ Kh8 38. e7 Rxf1+ 39. Rxf1 Qd4+ 40. Kh1 1-0

[Event "Asian Amateur-ch Open 2022"]
[Site "Muscat"]
[Date "2022.10.03"]
[Round "6.27"]
[White "Krishanu Sai"]
[Black "Ahmed Waqqas, Alawlaqi"]
[Result "1-0"]
[ECO "E64"]
[WhiteElo "1748"]
[BlackElo "1417"]
[Annotator "NA RC COMBH"]
[PlyCount "85"]
[EventDate "2022.09.29"]
[EventType "swiss"]
[SourceTitle "playchess.com"]
[Source "ChessBase"]
[SourceQuality "1"]
[TimeControl "5400+30"]

1. d4 Nf6 2. Nf3 g6 3. c4 Bg7 4. g3 O-O 5. Bg2 d6 6. O-O c5 7. d5 Na6 8. Nc3 Nd7 9. e4 Ne5 10. Qb3 h6 11. Nxe5 dxe5 12. Be3 f5 13. exf5 gxf5 14. f3 Qd6 15. Rad1 Qg6 16. Bf2 h5 17. Rfe1 h4 18. Qc2 hxg3 19. hxg3 Bd7 20. a3 Qh5 21. Rb1 Kf7 22. b4 b6 23. Na4 cxb4 24. axb4 Rh8 25. b5 Nc7 26. Red1 Ne8 27. c5 f4 28. g4 Qh2+ 29. Kf1 bxc5 30. Nxc5 Rc8 31. Qd3 Nf6 32. Nxd7 Nxd7 33. Qf5+ Nf6 34. Rd2 e4 35. fxe4 Bh6 36. Qe6+ Kg7 37. Qxe7+ Kg6 38. e5 f3 39. Qxf6+ Kh7 40. Qf7+ Bg7 41. Bxf3 Rhf8 42. Be4+ Kh8 43. Qh5+ 1-0

[Event "Asian Amateur-ch Open 2022"]
[Site "Muscat"]
[Date "2022.10.03"]
[Round "6.28"]
[White "Ranjith, R.k."]
[Black "Al Dhiyabi, Yousuf"]
[Result "1-0"]
[ECO "B23"]
[WhiteElo "1706"]
[BlackElo "1393"]
[Annotator "NA RC COMBH"]
[PlyCount "76"]
[EventDate "2022.09.29"]
[EventType "swiss"]
[SourceTitle "playchess.com"]
[Source "ChessBase"]
[SourceQuality "1"]
[TimeControl "5400+30"]

1. e4 c5 2. Nc3 e6 3. d4 cxd4 4. Qxd4 Nc6 5. Qd2 a6 6. a3 Nf6 7. f4 d6 8. Be2 b5 9. b4 Bb7 10. Bf3 Qc7 11. Bb2 Be7 12. Nh3 Rc8 13. O-O O-O 14. Rae1 Rfd8 15. Qf2 e5 16. Nd5 Nxd5 17. exd5 Nd4 18. fxe5 dxe5 19. Bg4 Bxd5 20. Bxc8 Rxc8 21. Bxd4 exd4 22. Qxd4 Bc4 23. Rf3 Bd6 24. Nf4 a5 25. c3 f6 26. Qe4 Be5 27. Nd5 Qd6 28. Ne3 Bxh2+ 29. Kh1 Be5 30. Rd1 Qc7 31. Nxc4 Qxc4 32. Qxc4+ Rxc4 33. bxa5 Ra4 34. Rd8+ Kf7 35. Rd5 Ke6 36. Rxb5 Rxa3 37. g3 Bxc3 38. Rb1 Kd5 1-0

[Event "Asian Amateur-ch Open 2022"]
[Site "Muscat"]
[Date "2022.10.03"]
[Round "6.31"]
[White "Hisoriev, Shorahmat"]
[Black "Ghaith Saeed Alnuaimi"]
[Result "1/2-1/2"]
[ECO "B22"]
[WhiteElo "1681"]
[BlackElo "1269"]
[Annotator "NA RC COMBH"]
[PlyCount "120"]
[EventDate "2022.09.29"]
[EventType "swiss"]
[SourceTitle "playchess.com"]
[Source "ChessBase"]
[SourceQuality "1"]
[TimeControl "5400+30"]

1. e4 c6 2. d4 d5 3. exd5 cxd5 4. Nf3 Nc6 5. c4 Bg4 6. cxd5 Qxd5 7. Nc3 Qd8 8. Be2 Nf6 9. d5 Bxf3 10. Bxf3 Ne5 11. Be2 g6 12. Bf4 Nfd7 13. Qa4 Bg7 14. Be3 O-O 15. f4 Nb6 16. Qb3 Ned7 17. Rd1 Nf6 18. O-O Nc8 19. f5 Nd6 20. fxg6 hxg6 21. Bf3 b5 22. a4 bxa4 23. Nxa4 Rb8 24. Qd3 Nd7 25. b3 Ne5 26. Qc2 Nxf3+ 27. Rxf3 Qa5 28. Bg5 Nf5 29. Qd3 Nd4 30. Bxe7 Nxf3+ 31. Qxf3 Rfe8 32. d6 Bf8 33. Rf1 Qf5 34. Qg3 Qd5 35. Nc3 Qd4+ 36. Kh1 Bxe7 37. dxe7 Rxb3 38. Ne2 Rxg3 39. Nxd4 Re3 40. Nc6 R3xe7 41. Nxe7+ Rxe7 42. h3 a5 43. Ra1 Ra7 44. Ra4 f6 45. Kg1 Kf7 46. Kf2 Ke6 47. Ke3 Kd5 48. Kd3 Kc5 49. Kc3 Kb5 50. Rf4 Rc7+ 51. Kb3 Rc6 52. h4 Re6 53. g4 a4+ 54. Kb2 Re2+ 55. Ka3 Re3+ 56. Ka2 Re2+ 57. Ka3 Re3+ 58. Ka2 Re2+ 59. Kb1 Re1+ 60. Kb2 Re2+ 1/2-1/2

[Event "Asian Amateur-ch Open 2022"]
[Site "Muscat"]
[Date "2022.10.03"]
[Round "7.1"]
[White "Zahmati, Sobhan"]
[Black "Mahmoody, M. Sadegh"]
[Result "1/2-1/2"]
[ECO "D78"]
[WhiteElo "1926"]
[BlackElo "1914"]
[Annotator "TA"]
[PlyCount "53"]
[EventDate "2022.09.29"]
[EventType "swiss"]
[EventCountry "OMN"]
[SourceTitle "playchess.com"]
[Source "ChessBase"]
[SourceQuality "1"]
[TimeControl "5400+30"]

1. Nf3 Nf6 2. d4 d5 3. g3 g6 4. Bg2 Bg7 5. O-O O-O 6. c4 c6 {[%emt 0:00:44] 6...c6 scores better than 6...dxc4.} 7. a4 {[%emt 0:00:06][%cal Ba2a4,Ba4a5][%mdl 32] D78: Fianchetto Grünfeld: 6 0-0 c6.} Ne4 8. Nc3 {[%emt 0:07:36] [#]} e6 $146 ({Predecessor:} 8... Nxc3 9. bxc3 dxc4 10. a5 c5 11. Qa4 Nc6 12. a6 cxd4 13. Nxd4 Nxd4 14. cxd4 Rb8 {½-½ (71) Aditya,M (2438)-Ohanyan,E (2324) Paracin 2021}) 9. Bf4 {[%emt 0:33:42] White is slightly better.} (9. Qc2 $5 ) 9... Nxc3 10. bxc3 b6 11. a5 {[%emt 0:09:49] [#] Strongly threatening axb6.} b5 ({Black should play} 11... Ba6 $14) 12. c5 $16 a6 13. Bd6 Re8 14. Ne5 {[%emt 0:00:13] aiming for Bxb8.} Bb7 15. e4 {[%emt 0:01:32] White has more active pieces.} f6 (15... f5 $16 {was worth a try.}) 16. Nd3 $18 Nd7 17. e5 fxe5 18. dxe5 Bf8 19. Bxf8 ({Better is} 19. h4) 19... Nxf8 20. Qg4 Qe7 21. Qd4 Qc7 22. f4 Re7 23. g4 Rae8 24. Rf3 Bc8 25. h4 Rg7 {[%emt 0:01:01] [#]} (25... h6 $16) 26. Kh2 (26. g5 $1 $18) 26... h5 27. g5 {[%emt 0:03:04] Weighted Error Value: White=0.15 (very precise) /Black=0.23 (precise)} 1/2-1/2

[Event "Asian Amateur-ch Open 2022"]
[Site "Muscat"]
[Date "2022.10.03"]
[Round "7.2"]
[White "Junaid Sohail"]
[Black "Shreyas Seshadri Nallore"]
[Result "1-0"]
[ECO "D38"]
[WhiteElo "1981"]
[BlackElo "1791"]
[Annotator "TA"]
[PlyCount "85"]
[EventDate "2022.09.29"]
[EventType "swiss"]
[EventCountry "OMN"]
[SourceTitle "playchess.com"]
[Source "ChessBase"]
[SourceQuality "1"]
[TimeControl "5400+30"]

1. d4 Nf6 2. c4 e6 3. Nf3 d5 4. Nc3 Bb4 5. Qa4+ Nc6 6. e3 O-O 7. Bd3 {[%emt 0:00:09] D38: Queen's Gambit Declined: Ragozin Defence (4 Nf3 Bb4).} dxc4 8. Bxc4 Bd7 {[%emt 0:00:15][%cal Oc6d4] Threatens to win with ...Nxd4!} 9. Qc2 {[%emt 0:00:17] The position is equal.} Ne7 {[%emt 0:05:46] [#]} 10. a3 $146 ({Predecessor:} 10. O-O c5 11. dxc5 Qc7 12. Bd2 Qxc5 13. Qb3 Nc6 14. a3 Bxc3 15. Bxc3 Na5 16. Bxa5 Qxa5 {0-1 (34) Lorscheid,G (2274)-Volke,K (2483) Germany 2004}) 10... Bxc3+ 11. bxc3 Bc6 12. Bd3 (12. Qe2 $11) 12... Qd5 (12... Bxf3 $15 {keeps the upper hand.} 13. gxf3 c5) 13. O-O $16 Ng6 14. Re1 Qh5 15. e4 Rfe8 16. Bg5 h6 17. Bxf6 gxf6 18. Be2 Nf4 19. Bd1 Qg4 {[%emt 0:08:45][%csl Gf4][%cal Rg4g2] [#]} 20. g3 Qh3 $2 21. Nh4 ({Only move:} 21. gxf4 $18 {And now Kh1 would win.} Kh8 22. Kh1) 21... Kh8 22. Bf3 Rg8 23. Ng2 Nxg2 24. Bxg2 Qh5 25. c4 Qg6 26. Qb2 {[%emt 0:01:13] d5 is the strong threat.} Rab8 27. d5 Bd7 28. Bh3 (28. Qb4 $18) 28... c6 29. Rad1 {[%emt 0:42:36] White is much more active.} Bc8 $2 (29... b6 $16 30. dxe6 Bxe6) 30. dxc6 $18 b6 31. e5 Ba6 32. Qb4 fxe5 33. Qa4 Rbc8 34. Bg2 Bxc4 35. Qxc4 Rc7 36. Rd7 Rgc8 37. Rxc7 Rxc7 38. Qh4 {[%emt 0:00:00] Intending Qd8+ and mate.} f6 39. Rd1 {[%emt 0:00:00] Threatening mate with Be4.} Qg7 40. Qh5 {[%emt 0:00:00] White mates.} Kh7 41. Qe8 Re7 {[%emt 0:00:04] [#]} 42. Qxe7 $3 Qxe7 43. Rd7 {[%emt 0:00:00] Weighted Error Value: White=0.21 (precise) /Black=0.65} 1-0

[Event "Asian Amateur-ch Open 2022"]
[Site "Muscat"]
[Date "2022.10.03"]
[Round "7.3"]
[White "Mohammed Tareq Abbood Al-Latoo"]
[Black "Madhusoodanan, K.R."]
[Result "1-0"]
[ECO "A55"]
[WhiteElo "1957"]
[BlackElo "1663"]
[Annotator "TA"]
[PlyCount "81"]
[EventDate "2022.09.29"]
[EventType "swiss"]
[EventCountry "OMN"]
[SourceTitle "playchess.com"]
[Source "ChessBase"]
[SourceQuality "1"]
[TimeControl "5400+30"]

1. Nf3 Nf6 2. d4 d6 3. c4 Nbd7 4. Nc3 e5 5. e4 Be7 6. Be2 O-O 7. O-O c6 8. d5 Nc5 9. Qc2 a5 10. Be3 {[%emt 0:02:40] A55: Old Indian Defence with Nf3 and e4.} Nfd7 11. Ne1 {[%emt 0:02:56] [#]} Bg5 $146 ({Predecessor:} 11... Na6 12. Nd3 Ndc5 13. Rad1 Nxd3 14. Qxd3 f5 15. f3 f4 16. Bf2 c5 17. g4 h5 {½-½ (52) Mirkovic,S (2096)-Djordjev,B Niska Banja 2004}) 12. Qd2 {[%emt 0:10:22] White is slightly better.} Bxe3 13. Qxe3 f5 (13... Nf6 $11) 14. exf5 $16 Rxf5 15. Rd1 Qf8 16. Nd3 Rf6 17. Rd2 Nxd3 18. Bxd3 (18. Rxd3 $6 Nc5 $11) 18... Nc5 {[%emt 0:00:11] [#]} (18... c5 $142) 19. Bc2 (19. Ne4 $6 Nxe4 20. Bxe4 (20. Qxe4 Bf5 $11) 20... c5 $11) ({Better is} 19. dxc6 $1 $16 {c7 is the strong threat.} bxc6 20. Ne4) 19... Bg4 (19... Bf5 $14) 20. f3 (20. dxc6 $16 bxc6 21. Ne4 Nxe4 22. Qxe4) 20... Rc8 (20... Bf5 $14) 21. Rfd1 {[%emt 0:05:42] White is much more active.} (21. Ne4 $6 Nxe4 22. Bxe4 (22. Qxe4 Bf5 $11) 22... c5 $14) 21... Bh5 22. a3 ({Don't do} 22. Ne4 $6 Nxe4 23. Bxe4 (23. Qxe4 Bg6 $11) 23... c5 $11) 22... Bg6 23. b4 axb4 24. axb4 Na6 (24... Bxc2 $16 {was called for.} 25. Rxc2 Na6) 25. Bxg6 Rxg6 26. dxc6 bxc6 27. b5 Nc5 28. Ne4 Nxe4 29. Qxe4 d5 30. cxd5 cxb5 $2 {[%emt 0:00:13] [#] This costs Black the game.} (30... Qc5+ $16 31. Kh1 cxb5) 31. d6 $18 ({But not} 31. Qxe5 Qd6 32. Qxd6 Rxd6 $16) 31... Rd8 32. d7 ({Weaker is} 32. Qxe5 Qxf3 33. Re1 Qc6 $16) 32... Qf7 $2 (32... Qe7 33. Rd5 Re6 34. Rxb5 Rd6 35. Rxd6 Qxd6 36. Qc4+ Kf8) 33. Qxe5 (33. Ra1 $142) 33... Qxf3 (33... Qe6 34. Qxb5 Qb6+ 35. Qxb6 Rxb6) 34. Rf1 (34. Re1 $142 Qc6 35. Qe7 Qb6+ 36. Rf2) 34... Qc6 35. Qe7 Qa8 36. Rdf2 (36. Qf7+ $142 Kh8 37. Re1 h5 38. Qxg6 Rf8 39. Qxh5+ Kg8 40. Re8 Qa7+ 41. Kh1) 36... Rf6 37. Rxf6 gxf6 38. Qe6+ Kh8 39. Qxf6+ Kg8 40. Rf3 Qa7+ 41. Kh1 {[%emt 0:00:49] Weighted Error Value: White=0.46/Black=0.85} 1-0

[Event "Asian Amateur-ch Open 2022"]
[Site "Muscat"]
[Date "2022.10.03"]
[Round "7.4"]
[White "Hamdan Edrees, Alhamed"]
[Black "Fooladi, Behrooz"]
[Result "0-1"]
[ECO "B52"]
[WhiteElo "1467"]
[BlackElo "1928"]
[Annotator "TA"]
[PlyCount "74"]
[EventDate "2022.09.29"]
[EventType "swiss"]
[EventCountry "OMN"]
[SourceTitle "playchess.com"]
[Source "ChessBase"]
[SourceQuality "1"]
[TimeControl "5400+30"]

1. e4 c5 2. Nf3 d6 3. Bb5+ Bd7 4. Bxd7+ Qxd7 5. O-O Nf6 6. Re1 Nc6 7. c3 e6 8. d4 cxd4 9. cxd4 d5 10. e5 Ng8 {[%emt 0:00:24][%cal Bf6g8,Bg8e7,Be7f5][%mdl 32] B52: Sicilian: Moscow Variation with 3...Bd7.} 11. a3 {[%emt 0:06:12] has lost popularity (11.Nc3).} Nge7 12. Nc3 Nf5 {[%emt 0:00:22] The position is equal.} 13. b4 Be7 14. h3 {[%emt 0:03:07] [#]} Rc8 $146 ({Predecessor:} 14... O-O 15. g4 Nh4 16. Nxh4 Bxh4 17. g5 Ne7 18. Qg4 Nf5 19. Be3 Rac8 20. Rac1 Rc4 21. Red1 Rfc8 22. Ne2 Qa4 23. Rxc4 {0-1 (23) Peroutik,J-Kis Kos,L LSS email 2007}) 15. Qd3 h6 16. Rb1 O-O 17. Nd1 Rc7 18. Ne3 (18. Nc3 $11 {was preferrable.}) 18... Nxe3 $1 $15 19. Bxe3 Rfc8 20. Rec1 a6 21. Nd2 Na7 22. Nf1 (22. Nb3 $15) 22... Qb5 $17 23. Qd2 (23. Qd1 $17) 23... Qa4 $19 24. Ng3 (24. Rxc7 {keeps fighting.} Rxc7 25. Qd3) 24... Rc2 $2 ({Avoid the trap} 24... Qxa3 $2 25. Rxc7 Rxc7 26. Qe2 $19) (24... Rxc1+ $19 {has better winning chances.} 25. Rxc1 Qxa3 26. Rxc8+ Nxc8) 25. Rxc2 $17 Rxc2 (25... Qxc2 $17 26. Rc1 Qxc1+ 27. Qxc1 Rxc1+ 28. Bxc1 a5 29. bxa5 Nb5) 26. Qd3 {[%emt 0:00:04] This costs White the game.} (26. Qd1 $1 $15 Nb5 27. Qg4) 26... Nb5 $36 {[%emt 0:01:28][%mdl 2048] Black has strong initiative.} 27. Rb3 {[%emt 0:00:06] [#]} (27. Rc1 $142 Nxa3 28. Ra1 Bxb4 29. Qd1) 27... Ra2 $1 28. Bc1 (28. Nh5 {was worth a try.}) 28... Ra1 29. Ne2 Bg5 30. f4 {[%emt 0:08:53] [#]} Bxf4 31. Nxf4 {[%emt 0:00:05] Black must now prevent Ne2.} Rxc1+ 32. Kh2 {[%emt 0:00:03] [#]} Nxd4 $1 33. Rc3 Rxc3 34. Qxc3 Nc6 35. Nh5 Qd1 36. Nf4 Qd4 37. Qg3 (37. Qxd4 {only move.} Nxd4 38. a4) 37... Qxe5 {[%emt 1:04:00] Weighted Error Value: White=0.43/Black=0.16 (very precise)} 0-1

[Event "Asian Amateur-ch Open 2022"]
[Site "Muscat"]
[Date "2022.10.03"]
[Round "7.5"]
[White "Srivatsan Karthikeyan"]
[Black "Dadabaev, Zhanybek"]
[Result "1-0"]
[ECO "B33"]
[WhiteElo "1711"]
[BlackElo "1902"]
[Annotator "TA"]
[PlyCount "75"]
[EventDate "2022.09.29"]
[EventType "swiss"]
[EventCountry "OMN"]
[SourceTitle "playchess.com"]
[Source "ChessBase"]
[SourceQuality "1"]
[TimeControl "5400+30"]

1. e4 c5 2. Nf3 Nc6 3. d4 cxd4 4. Nxd4 Nf6 5. f3 e5 6. Nb5 {[%emt 0:00:04] B33: Sicilian: Pelikan and Sveshnikov Variations.} a6 (6... d6 $1 $11) 7. Nd6+ $14 Bxd6 8. Qxd6 {[%emt 0:00:06] White is slightly better.} Qe7 9. Qxe7+ Kxe7 10. c4 {[%emt 0:03:08] [#] Against d5} (10. Be3 $16) 10... b5 $146 ({Predecessor:} 10... Nd4 11. Bd3 b5 12. Na3 b4 13. Nc2 Nxc2+ 14. Bxc2 d6 15. Bd2 Be6 16. Bxb4 Bxc4 {0-1 (50) Hoffmann,P (2238)-Becker,M (2312) Germany 2005}) 11. Be3 bxc4 12. Bxc4 Rb8 13. Nd2 d6 14. b3 Be6 15. O-O ({Of course not} 15. Bxa6 Nb4 16. Be2 Nc2+ 17. Kf2 Nxa1 18. Rxa1 Nd7 $15) 15... Rhc8 (15... Bxc4 $14 16. Nxc4 Ke6) 16. Bxa6 $16 Rd8 17. Rfc1 Nb4 18. Be2 {[%emt 0:00:06] This bishop pair is nice.} (18. Bf1 $18 Rdc8 19. Nc4) 18... Rdc8 19. a3 (19. Bc4 $16) 19... Nc2 $11 {[%emt 0:00:20] [#]} 20. Rxc2 Rxc2 $17 21. b4 (21. Bd1 $17 {keeps fighting.} Rc3 22. Bg5) 21... d5 (21... Rbc8 $19 {White must now prevent ...R8c3.} 22. a4 d5) 22. Bd1 Rc3 (22... Rb2 $5 23. exd5 (23. Bc5+ Kd8 $17) 23... Bxd5 $17) 23. Bc5+ Ke8 24. Bd6 Ra8 25. b5 Nd7 ({Black should try} 25... Rac8 $15 26. Kf1 (26. Bxe5 Rc1 $17) 26... Rc1 27. Rxc1 Rxc1) 26. Bb4 $36 {[%emt 0:06:09][%mdl 2048] White fights for an advantage.} Rc7 27. a4 Rac8 28. Ba3 {[%emt 0:01:46] Inhibits Rc1.} Rc3 {[%emt 0:06:26][%cal Oc3a3] Threatens to win with ...Rxa3!} 29. Kf1 d4 30. a5 Rd3 (30... Kd8 $11 {keeps the balance.}) 31. Bb4 $16 {[%emt 0:00:27] Ke2 is the strong threat.} Rxd2 32. Bxd2 $18 Bc4+ 33. Ke1 {[%emt 0:01:36] Strongly threatening Rc1.} Bxb5 34. Bb4 (34. a6 $18) 34... Rc4 35. Rb1 d3 {[%emt 0:01:05] Prevents Be2.} ({Better is} 35... Ba6 $14) 36. Kd2 Nc5 $2 (36... Ba6 37. Ba3 Kd8) 37. Bxc5 ({Weaker is} 37. Bc3 Ba4 38. Bxe5 Bxd1 $18) 37... Rxc5 {[%emt 0:00:02] [#]} 38. Rxb5 $1 {[%emt 0:00:06][%mdl 512] Weighted Error Value: White=0.33/Black=0.36} 1-0

[Event "Asian Amateur-ch Open 2022"]
[Site "Muscat"]
[Date "2022.10.03"]
[Round "7.6"]
[White "Shahali, Milad"]
[Black "Muhammad Shahzeb"]
[Result "1-0"]
[ECO "B01"]
[WhiteElo "1910"]
[BlackElo "1992"]
[Annotator "TA"]
[PlyCount "65"]
[EventDate "2022.09.29"]
[EventType "swiss"]
[EventCountry "OMN"]
[SourceTitle "playchess.com"]
[Source "ChessBase"]
[SourceQuality "1"]
[TimeControl "5400+30"]

1. e4 d5 2. exd5 Nf6 3. d4 Nxd5 4. Nf3 g6 5. c4 Nb6 6. a4 {[%emt 0:00:19] B01: Scandinavian Defence.} a5 7. c5 Nd5 8. Bc4 {[%emt 0:00:20] White is slightly better.} Nc6 9. Qb3 Ncb4 10. Bd2 {[%emt 0:05:58] [#] Strongly threatening Bxb4.} (10. Nc3 $5 Be6 11. Ng5 $14) 10... e6 $146 ({Predecessor:} 10... c6 11. Bxb4 axb4 12. O-O Bh6 13. Bxd5 Qxd5 14. Qxb4 O-O 15. Nc3 Qd8 16. h3 Rb8 {½-½ (51) Stetsko,L (2042)-Sevostianov,P (2284) Chervonograd 2008}) 11. Nc3 Bg7 12. Bg5 f6 13. Bd2 O-O 14. O-O b6 15. Rfe1 {[%emt 0:08:23] White is more active.} bxc5 {[%emt 0:16:10] This costs Black the game.} (15... Rf7 $16) 16. dxc5 $18 Kh8 17. Rad1 c6 {[%emt 0:07:44] [#]} 18. Nd4 $1 Rb8 19. Rxe6 ({Don't play} 19. Nxe6 $6 Bxe6 20. Rxe6 Nd3 $16) 19... Qc7 (19... Bxe6 {was called for.} 20. Nxe6 Qe7 21. Nxf8 (21. Nxd5 Nxd5 22. Qh3 Rfe8 $11) 21... Rxf8 22. Bxd5 cxd5) 20. Bxd5 {[%emt 0:10:44] Black must now prevent Bc4.} (20. Nxd5 cxd5 21. Bb5 (21. Bxd5 Qxc5 22. Bf4 Qxd5 $16) 21... Qxc5 $16) 20... Nxd5 21. Nxd5 Bxe6 22. Nxe6 (22. Nxc7 Bxb3 23. Nxb3 Rxb3 $11) 22... Rxb3 $2 (22... cxd5 23. Qxd5 (23. Nxc7 Rxb3 24. Bxa5 Rc8 $14) 23... Qf7) 23. Ndxc7 {[%emt 0:00:00] Pair of Knights! White is clearly winning.} ({Less strong is} 23. Nexc7 Rc8 $14) 23... Rfb8 24. Bxa5 Rxb2 25. Bb6 Bf8 26. Nxf8 Rxf8 27. a5 Ra2 28. h3 Rf7 29. a6 Kg7 30. a7 Rxc7 31. Bxc7 Rxa7 32. Bb6 Ra2 33. Rd6 {[%emt 0:00:00] Weighted Error Value: White=0.06 (flawless) /Black=0.37} 1-0

[Event "Asian Amateur-ch Open 2022"]
[Site "Muscat"]
[Date "2022.10.03"]
[Round "7.7"]
[White "Velavaa Ragavesh"]
[Black "Rafee, Mohd Hayel"]
[Result "1-0"]
[ECO "B50"]
[WhiteElo "1698"]
[BlackElo "1941"]
[Annotator "TA"]
[PlyCount "49"]
[EventDate "2022.09.29"]
[EventType "swiss"]
[EventCountry "OMN"]
[SourceTitle "playchess.com"]
[Source "ChessBase"]
[SourceQuality "1"]
[TimeControl "5400+30"]

1. e4 c5 2. Nf3 d6 3. c3 Nf6 4. Be2 Nc6 5. d4 cxd4 6. cxd4 d5 7. e5 Ne4 8. O-O h6 {[%emt 0:06:28] 8...Bg4 gains popularity. B50: Sicilian: 2...d6, Miscellaneous.} 9. Nc3 {[%emt 0:04:47] [#]} g5 $146 (9... e6 $14) ({Predecessor:} 9... e6 10. Bd3 Ng5 11. Be3 Be7 12. Ne1 f5 13. exf6 Bxf6 14. Qh5+ Nf7 15. Nf3 Ne7 16. Bf4 {½-½ (38) Winter,O (2169)-Meissner,F (2381) Prague 2022}) 10. Be3 f5 (10... Nxc3 $14 11. bxc3 Bf5) 11. exf6 exf6 {[%emt 0:07:00] [#]} (11... Nxc3 $142 12. f7+ (12. bxc3 exf6 13. Rb1 Bd6 $16) 12... Kxf7 13. bxc3 Bg7) 12. Nd2 (12. Nxe4 $142 $1 dxe4 13. Nd2) 12... f5 $2 (12... Nxc3 13. bxc3 (13. Bh5+ Kd7 $16) 13... Bd6) 13. Bh5+ $18 Ke7 14. Ndxe4 ({Weaker is} 14. Qb3 Nxc3 15. bxc3 (15. Qxc3 f4 $11) 15... f4 $16) 14... fxe4 15. f3 exf3 16. Qxf3 {[%emt 0:00:46] [#] White wants to mate with Qf7+.} Kd7 17. Nxd5 (17. Nb5 $142 Nb4 18. Rac1 Qe7 19. Bd2 g4 20. Bxg4+ Ke8 21. Rxc8+ Rxc8 22. Bxb4) 17... Kd6 18. Qg3+ {[%emt 0:06:48] White mates.} Kxd5 19. Bf7+ Be6 20. Rf5+ Ne5 21. Qxe5+ Kc6 22. Rc1+ Bc5 23. Qxc5+ Kd7 24. Bxe6+ Kxe6 25. Qe5+ {[%emt 0:51:19] Black got outplayed after the opening.  Weighted Error Value: White=0.14 (very precise) /Black=1.39} 1-0